Map: Blueshift LE

Players

Inojin - Winner!

  • Race: Zerg Zerg
  • League: Master
  • Spawn Location: 1:00

uTSoullesS

  • Race: Protoss Protoss
  • League: Diamond
  • Spawn Location: 7:00

VOD

Have the link to the VOD?

Description

Time

  • Played on: Jan. 21, 2019, 7:53 p.m.
  • Length: 3:35
Show
View Real Time Build Order
Export as new Build Order

Inojin Zerg - Winner!

Build Orders: Pool First 

Get SALT Encoding   

  12  0:00  Drone  
  13  0:13  Overlord  
  13  0:18  Drone  
  14  0:31  Drone x2  
  14  0:35  Drone  
  17  0:45  Extractor  
  17  0:46  Drone  
  17  0:49  Spawning Pool  
  16  0:56  Drone  
  17  1:07  Drone  
  18  1:16  Hatchery  
  17  1:36  Queen  
  17  1:37  Zergling x4  
  17  1:39  Zergling x2  
  22  1:46  Metabolic Boost  
  22  1:54  Overlord  
  22  2:06  Baneling Nest  
  22  2:07  Zergling x2  
  22  2:14  Zergling x2  
  23  2:22  Zergling x2  
  24  2:29  Zergling x2  
  25  2:33  Zergling x2  
  26  2:40  Zergling x2  
  27  2:45  Overlord  
  27  2:46  Zergling x4  
  27  2:48  Zergling x2  
  27  2:50  Zergling x2  
  31  2:55  Baneling x4  
  31  2:57  Baneling  
  31  3:01  Baneling  
  31  3:04  Zergling x2  
  32  3:07  Zergling x2  
  32  3:11  Zergling x2  
Show
View Real Time Build Order
Export as new Build Order

uTSoullesS Protoss 

Build Orders: 1 Gate Expand 

Get SALT Encoding   

  12  0:00  Probe  
  13  0:12  Probe  
  14  0:20  Pylon  
  14  0:25  Probe  
  15  0:34  Probe  
  15  0:39  Gateway  
  15  0:42  Probe  
  17  0:52  Probe  
  17  0:55  Assimilator  
  18  1:04  Probe  
  19  1:21  Nexus  
  19  1:35  Cybernetics Core  
  19  1:37  Probe  
  20  1:40  Zealot  
  22  1:47  Pylon  
  22  1:49  Probe  
  23  1:57  Assimilator  
  23  2:05  Probe  
  24  2:09  Forge  
  24  2:17  Probe  
  24  2:19  Adept  
  27  2:29  Probe x2  
  29  2:37  Probe  
  29  2:42  Probe, Pylon  
  31  2:47  Probe  
  32  2:53  Stargate  
  32  2:54  Probe  
  32  2:56  Probe  
  33  3:04  Probe  
  34  3:06  Probe  
  34  3:12  Twilight Council  
  36  3:14  Probe  
  36  3:18  Probe  
Tags
 
Add a new tag
Caveats
  • Supply blocks, unpowered buildings, or Contaminate may cause inaccurate times.
  • Supply counts are checked every 10 seconds.